 Dungeon Crawl Stone Soup version 0.24.0-123-gd5b16e6ec5 (webtiles) character file.

Game seed: 7509633887703810255, levelgen mode: deterministic

208 Elellon the Skirmisher (level 5, -3/48 HPs)
             Began as a Hill Orc Fighter on Jan 3, 2020.
             Slain by an orc warrior
             ... wielding a +0 halberd
              (14 damage)
             ... on level 4 of the Dungeon.
             The game lasted 00:04:51 (1994 turns).

Elellon the Skirmisher (Hill Orc Fighter)           Turns: 1994, Time: 00:04:51

Health: -3/48      AC:  8    Str: 20    XL:     5   Next: 86%
Magic:  5/5        EV:  7    Int:  8    God:
Gold:   174        SH:  9    Dex: 10    Spells: 4/4 levels left

rFire    . . .     SeeInvis .   i - +2 whip (drain)
rCold    . . .     Gourm    .   c - +0 shield
rNeg     . . .     Faith    .   b - +0 scale mail
rPois    .         Spirit   .   (no helmet)
rElec    .         Reflect  .   D - +0 cloak
rCorr    .         Harm     .   (no gloves)
MR       .....                  (no boots)
Stlth    ..........             (no amulet)
HPRegen  0.16/turn              (no ring)
MPRegen  0.09/turn              (no ring)

@: no status effects
A: no striking features
a: no special abilities


You were on level 4 of the Dungeon.
You were not hungry.

You visited 1 branch of the dungeon, and saw 4 of its levels.

You collected 174 gold pieces.

Inventory:

Hand Weapons
 a - a +0 war axe
 i - a +2 whip of draining (weapon)
 l - a cursed +0 whip
 C - a +4 mace
Missiles
 E - 36 poisoned darts (quivered)
Armour
 b - a +0 scale mail (worn)
 c - a +0 shield (worn)
 u - a +0 chain mail
 D - a +0 cloak (worn)
Jewellery
 m - an uncursed ring of protection from magic {unknown}
 p - a +5 ring of evasion
 q - an uncursed amulet of harm {unknown}
 r - a +3 amulet of reflection {unknown}
 s - an uncursed amulet of regeneration {unknown}
 w - an uncursed ring of poison resistance {unknown}
Scrolls
 e - 3 scrolls of teleportation {unknown}
 h - 2 scrolls of magic mapping {unknown}
 k - 3 scrolls of identify {unknown}
 o - a scroll of amnesia {unknown}
 y - a scroll of enchant armour {unknown}
Potions
 d - a potion of might
 g - 4 potions of curing {unknown}
 j - a potion of mutation {unknown}
 n - 2 potions of resistance {unknown}
 t - 2 potions of magic {unknown}
 v - a potion of lignification {unknown}
 x - a potion of brilliance {unknown}
 z - 2 potions of degeneration {unknown}
 A - a potion of flight {unknown}
Comestibles
 f - 5 rations


   Skills:
 + Level 5.0 Fighting
 - Level 3.4(4.0) Axes
 + Level 2.4(3.1) Maces & Flails
 + Level 4.1 Armour
 + Level 1.0 Dodging
 + Level 0.2 Stealth
 + Level 4.1 Shields


You had 4 spell levels left.
You didn't know any spells.
Your spell library was empty.

Dungeon Overview and Level Annotations

Branches:
Dungeon (4/15)
 Temple: D:4-7

Altars:
Ashenzari
Gozag
Hepliaklqana
Makhleb
Okawaru
Qazlal
Uskayaw
Vehumet
Yredelemnul


Message History

You are too injured to fight recklessly!
You are too injured to fight recklessly!
You are too injured to fight recklessly!
You are too injured to fight recklessly!
You block the orc warrior's attack.
You closely miss the orc.
The orc warrior hits you from afar with a +0 halberd.
The orc barely misses you.
You hit the orc. You drain the orc.
The orc is severely wounded.
You hear the slow hiss of a distant avalanche of sand.
You block the orc's attack.
The orc warrior hits you from afar with a +0 halberd!
* * * LOW HITPOINT WARNING * * *
The orc barely misses you.
You see here a frilled lizard corpse.
There is a stone staircase leading up here.
The orc seems less drained.
The orc warrior hits you from afar with a +0 halberd!
You die...

####
#..##.....oo..#
...
#....######...
###.#####...##
##..
#......##o.##
... #..........#
### #.......##.#
#....†o..#.# (
..#......#.#.##
#
.......@........
.
..#...(..##<..##
# . ########
...# #..# ...#
...#


You could see an orc warrior and an orc.

Vanquished Creatures
  Crazy Yiuf (D:3)
  Jessica (D:3)
  Terence (D:3)
  2 worker ants
  An adder (D:2)
  A worm (D:2)
  A dart slug (D:2)
  2 leopard geckos (D:3)
  An orc (D:4)
  A ball python (D:4)
  3 giant cockroaches
  7 goblins
  9 hobgoblins
  2 jackals (D:2)
  2 quokkas (D:3)
  8 bats
  8 frilled lizards
  7 kobolds
  7 rats
65 creatures vanquished.

Notes
Turn   | Place    | Note
-------+----------+-------------------------------------------
     0 | D:1      | Elellon the Hill Orc Fighter began the quest for the Orb.
     0 | D:1      | Reached XP level 1. HP: 19/19 MP: 1/1
    69 | D:1      | Reached XP level 2. HP: 18/27 MP: 2/2
   423 | D:1      | Reached XP level 3. HP: 33/33 MP: 3/3
   701 | D:2      | Reached skill level 4 in Fighting
   863 | D:2      | Found a basalt altar of Yredelemnul.
   886 | D:2      | Found a burning altar of Makhleb.
   887 | D:2      | Found a hide-covered altar of Uskayaw.
   888 | D:2      | Found a stormy altar of Qazlal.
   888 | D:2      | Found an opulent altar of Gozag.
   888 | D:2      | Found a shattered altar of Ashenzari.
   889 | D:2      | Found a radiant altar of Vehumet.
   892 | D:2      | Found a hazy altar of Hepliaklqana.
   893 | D:2      | Found an iron altar of Okawaru.
  1137 | D:2      | Reached XP level 4. HP: 40/40 MP: 4/4
  1359 | D:3      | Noticed Jessica
  1366 | D:3      | Killed Jessica
  1371 | D:3      | Reached skill level 1 in Maces & Flails
  1436 | D:3      | Reached XP level 5. HP: 31/47 MP: 5/5
  1616 | D:3      | Found a runed translucent door.
  1617 | D:3      | Noticed Crazy Yiuf
  1688 | D:3      | Noticed Terence
  1709 | D:3      | Killed Terence
  1852 | D:3      | Killed Crazy Yiuf
  1922 | D:4      | Reached skill level 5 in Fighting
  1953 | D:4      | Noticed an orc warrior
  1959 | D:4      | Reached skill level 1 in Dodging
  1994 | D:4      | Slain by an orc warrior

Levels and vault maps discovered:
D:1:      minmay_arrival_doors, layout_rooms
D:2:      lemuel_upstairs_altar, layout_loops_cross, minitemple
D:3:      layout_rooms, uniq_terence, uniq_crazy_yiuf_cottage, uniq_jessica
D:4:      minmay_inner_zag, layout_rooms, old_standard_altar,
          nicolae_ossuary_entry_monument, uniq_natasha

Skill      XL: |  1  2  3  4  5 |
---------------+----------------+-----
Axes           | 3 |  3.4
Fighting       | 4 5 |  5.0
Maces & Flails | 1 2 |  2.4
Armour         | 4 |  4.1
Shields        | 4 |  4.1
Dodging        | 1 |  1.0
Stealth        | |  0.2

Action                   |  1- 3 |  4- 6 || total
-------------------------+-------+-------++-------
Melee: War axe           |    56 |       ||    56
       Whip              |    54 |    93 ||   147
 Stab: Invisible         |       |     1 ||     1
  Eat: Chunk             |       |     4 ||     4
Armor: Scale mail        |    41 |    48 ||    89
Dodge: Dodged            |    40 |    31 ||    71
Block: Shield            |    51 |    42 ||    93
